 Dungeon Crawl Stone Soup version 0.22.1-2-g9c5b331383 (webtiles) character file.

5599 Muumios the Basher (level 10, -5/76 HPs)
             Began as a Mummy Gladiator on Nov 17, 2018.
             Was an Elder of Makhleb.
             Slain by a ynoxinul (9 damage)
             ... summoned by the player character
             ... on level 10 of the Dungeon.
             The game lasted 00:18:39 (8947 turns).

Muumios the Basher (Mummy Gladiator)                Turns: 8947, Time: 00:18:40

Health: -5/76      AC: 15    Str: 22    XL:     10   Next: 45%
Magic:  15/15      EV: 13    Int:  9    God:    Makhleb [****..]
Gold:   168        SH:  0    Dex: 15    Spells: 9/9 levels left

rFire    + + .     SeeInvis .   r - +1 whip "Heriem" {slash, rF+ rN+ Str+2}
rCold    + . .     Gourm    .   (no shield)
rNeg     + + +     Faith    .   z - +3 ring mail "Puaseb" {rF+ Str+2 Slay+3 Stlth+}
rPois    ∞         Spirit   .   c - +2 helmet
rElec    .         Reflect  .   n - +0 cloak
rCorr    +         Harm     +   i - +1 pair of gloves
MR       +....                  G - +0 pair of boots
Stlth    ++........             d - amulet of harm
HPRegen  0.22/turn              f - ring of resist corrosion
MPRegen  0.14/turn              s - ring of protection from fire

@: no status effects
A: no food or potions, fire vulnerability, cold resistance 1, negative energy
resistance 3, torment resistance, unbreathing
a: Minor Destruction, Lesser Servant of Makhleb, Major Destruction, Renounce
Religion


You were on level 10 of the Dungeon.
You worshipped Makhleb.
Makhleb was greatly pleased with you.
You were not hungry.

You visited 1 branch of the dungeon, and saw 10 of its levels.

You collected 538 gold pieces.
You spent 370 gold pieces at shops.

Inventory:

Hand Weapons
 a - a +0 flail of crushing
 e - a +2 spear of piercing
 m - a +2 dagger of venom
 r - the +1 whip "Heriem" (weapon) {slash, rF+ rN+ Str+2}
   (You bought it in a shop on level 4 of the Dungeon)

   It inflicts extra damage upon your enemies.
   It affects your strength (+2).
   It protects you from fire.
   It protects you from negative energy.
 y - a +0 blowgun
Missiles
 h - 14 poisoned tomahawks (quivered)
 q - 42 poisoned needles
 A - 3 curare-tipped needles
Armour
 c - a +2 helmet (worn)
 i - a +1 pair of gloves (worn)
 n - a +0 cloak (worn)
 v - the +1 robe "Soobb" {+Fly rF+ rC- rN+}
   (You found it on level 5 of the Dungeon)

   It protects you from fire.
   It makes you vulnerable to cold.
   It protects you from negative energy.
   It lets you fly.
 z - the +3 ring mail "Puaseb" (worn) {rF+ Str+2 Slay+3 Stlth+}
   (You found it on level 9 of the Dungeon)

   It affects your strength (+2).
   It affects your accuracy and damage with ranged weapons and melee attacks
   (+3).
   It protects you from fire.
   It makes you more stealthy.
 G - a +0 pair of boots (worn)
Jewellery
 d - an amulet of harm (around neck)
 f - a ring of resist corrosion (left hand)
 k - an uncursed ring of positive energy
 o - an uncursed ring of magical power
 p - an uncursed ring of attention
 s - a ring of protection from fire (right hand)
 B - a cursed +2 ring of protection
Wands
 g - a wand of enslavement (17)
 u - a wand of polymorph (3)
 x - a wand of random effects (24)
 D - a wand of disintegration (8)
 E - a wand of paralysis (10)
Scrolls
 b - a scroll of enchant weapon
 l - a scroll of immolation
 t - a scroll of teleportation
 w - 6 scrolls of identify
 C - a scroll of magic mapping
 F - a scroll of remove curse


   Skills:
 - Level 5.8 Fighting
 * Level 8.5 Maces & Flails
 * Level 4.9 Throwing
 - Level 4.2 Dodging
 * Level 7.8 Invocations


You had 9 spell levels left.
You didn't know any spells.
Your spell library was empty.

Dungeon Overview and Level Annotations

Branches:
Dungeon (10/15)            Temple (0/1) D:7            Lair (0/6) D:9
    Orc: D:9-12

Altars:
Cheibriados
Dithmenos
Fedhas
Gozag
Hepliaklqana
Kikubaaqudgha
Makhleb
Nemelex Xobeh
Sif Muna
Trog
Uskayaw
Wu Jian
Xom
Yredelemnul

Shops:
D:4 (   D:6 *   D:9 *

Annotations:
D:4 3 runed doors, OdinFK's ghost, amateur DsAK


Innate Abilities, Weirdness & Mutations

You do not eat or drink.
Your flesh is vulnerable to fire.
You are immune to poison.
Your flesh is cold resistant. (rC+)
You are immune to negative energy. (rN+++)
You are immune to unholy pain and torment.
You can survive without breathing.


Message History

Blood and souls for Makhleb!
Press ? for a list of commands and other information.
Okay, then.
Press: ? - help, Shift-Dir - straight line, f - gargoyle
Aim: a gargoyle, wielding a morningstar (severely damaged)
The fireball explodes!
The fireball engulfs the gargoyle.
The gargoyle appears unharmed.
The gargoyle is severely damaged.
The fireball engulfs you! You resist.
* * * LOW HITPOINT WARNING * * *
The fireball engulfs the kobold.
You kill the kobold!
Makhleb accepts your kill.
You feel better. The fireball engulfs your ynoxinul.
Your ynoxinul is moderately wounded.
The ynoxinul bellows!
The gargoyle hits you with a morningstar.
* * * LOW HITPOINT WARNING * * *
The ynoxinul hits you!
You die...

####+########## ### #
#.............###.. ..
#.............#.... .(.
#..>..........#.#.. ....
#.............#.#.. .....
#.............#.#..
......####.............'.#..
.((...(†##.3...........###..
..K...#$('9@...........# #..
..... ####)............# #..
..>. #.....>.......# #.. ###
############### ###


You could see a ynoxinul and a gargoyle.

Vanquished Creatures
  A hydra (D:10)
  Grinder (D:4)
  A hippogriff (D:8)
  A spriggan (D:8)
  4 hungry ghosts
  5 water moccasins
  An ice beast (D:7)
  2 black bears
  3 orc warriors (D:6)
  2 phantoms
  2 centaurs
  4 ogres
  A crocodile (D:8)
  2 big kobolds
  4 bullfrogs
  A wyvern skeleton (D:10)
  2 scorpions
  A howler monkey (D:6)
  5 crimson imps
  A centaur zombie (D:7)
  A quasit (D:9)
  5 orc priests
  5 hounds
  Crazy Yiuf (D:4)
  A centaur skeleton (D:4)
  2 jellies
  9 orc wizards
  2 iguanas
  7 worker ants
  2 killer bee zombies
  A hound zombie (D:5)
  A howler monkey zombie (D:9)
  Robin (D:3)
  5 adders
  5 gnolls
  4 oozes
  3 adder skeletons
  An adder zombie (D:9)
  A worm (D:3)
  6 leopard geckos
  35 orcs
  A bat zombie (D:7)
  7 giant cockroaches
  19 goblins
  11 hobgoblins
  9 jackals
  4 quokkas
  2 ball pythons
  6 bats
  5 frilled lizards
  20 kobolds
  A leopard gecko skeleton (D:4)
  A quokka skeleton (D:6)
  10 rats
  A rat zombie (D:7)
239 creatures vanquished.

Notes
Turn   | Place    | Note
-------+----------+-------------------------------------------
     0 | D:1      | Muumios the Mummy Gladiator began the quest for the Orb.
     0 | D:1      | Reached XP level 1. HP: 16/16 MP: 1/1
   127 | D:1      | Reached XP level 2. HP: 22/22 MP: 2/2
   148 | D:1      | Reached skill level 3 in Maces & Flails
   345 | D:1      | Reached XP level 3. HP: 19/28 MP: 3/3
   901 | D:2      | Found a burning altar of Makhleb.
   909 | D:2      | Became a worshipper of Makhleb the Destroyer
  1109 | D:2      | Reached XP level 4. HP: 32/34 MP: 4/4
  1150 | D:2      | Found a sparkling altar of Nemelex Xobeh.
  1211 | D:2      | Found an opulent altar of Gozag.
  1559 | D:3      | Reached skill level 1 in Invocations
  1559 | D:3      | Reached XP level 5. HP: 41/41 MP: 5/5
  1578 | D:3      | Reached skill level 4 in Maces & Flails
  1628 | D:3      | Noticed a black bear
  1646 | D:3      | Killed a black bear
  1836 | D:3      | Reached * piety under Makhleb
  1859 | D:3      | Noticed Robin
  1896 | D:3      | Killed Robin
  1899 | D:3      | Reached XP level 6. HP: 35/47 MP: 7/7
  2009 | D:3      | Found a bloodstained altar of Trog.
  2163 | D:3      | Found a snail-covered altar of Cheibriados.
  2392 | D:3      | Noticed a hungry ghost
  2425 | D:3      | Killed a hungry ghost
  2673 | D:4      | Noticed Grinder
  2698 | D:4      | Killed Grinder
  2698 | D:4      | Reached skill level 5 in Maces & Flails
  2698 | D:4      | Reached XP level 7. HP: 52/54 MP: 9/9
  2763 | D:4      | Reached ** piety under Makhleb
  2811 | D:4      | Found a runed gate.
  2814 | D:4      | Found a runed gate.
  2953 | D:4      | Found a basalt altar of Yredelemnul.
  3040 | D:4      | Found a runed gate.
  3043 | D:4      | Noticed OdinFK's ghost (amateur DsAK)
  3084 | D:4      | Found Echeituh's Antique Weapon Shoppe.
  3216 | D:4      | Found a runed door.
  3277 | D:4      | Reached XP level 8. HP: 61/61 MP: 11/11
  3331 | D:4      | Bought a jewelled whip for 217 gold pieces
  3332 | D:4      | Identified the +1 whip "Heriem" {slash, rF+ rN+ Str+2} (You
                  | bought it in a shop on level 4 of the Dungeon)
  3651 | D:4      | Noticed Crazy Yiuf
  3658 | D:4      | Killed Crazy Yiuf
  3687 | D:5      | Entered Level 5 of the Dungeon
  3724 | D:5      | Reached skill level 6 in Maces & Flails
  3806 | D:5      | Reached skill level 5 in Fighting
  4141 | D:5      | Found a deep blue altar of Sif Muna.
  4322 | D:5      | Got a steaming robe
  4333 | D:5      | Identified the +1 robe "Soobb" {+Fly rF+ rC- rN+} (You
                  | found it on level 5 of the Dungeon)
  4385 | D:6      | Reached skill level 5 in Invocations
  4540 | D:6      | Found an ornate altar of the Wu Jian Council.
  4936 | D:7      | Reached *** piety under Makhleb
  5032 | D:7      | Reached XP level 9. HP: 52/68 MP: 13/13
  5161 | D:7      | Found a hide-covered altar of Uskayaw.
  5310 | D:7      | Found a staircase to the Ecumenical Temple.
  5630 | D:7      | Found an ancient bone altar of Kikubaaqudgha.
  6063 | D:8      | Reached skill level 7 in Maces & Flails
  6414 | D:8      | Found a shimmering altar of Xom.
  6428 | D:8      | Found a shadowy altar of Dithmenos.
  7187 | D:9      | Found a blossoming altar of Fedhas.
  7198 | D:9      | Got a scorched ring mail
  7199 | D:9      | Identified the +3 ring mail "Puaseb" {rF+ Str+2 Slay+3
                  | Stlth+} (You found it on level 9 of the Dungeon)
  7302 | D:6      | Found Locwizxa's Serpentskin Sales.
  7350 | D:6      | Bought 3 curare-tipped needles for 23 gold pieces
  7350 | D:6      | Bought 3 poisoned tomahawks for 39 gold pieces
  7350 | D:6      | Bought 4 poisoned tomahawks for 52 gold pieces
  7350 | D:6      | Bought 3 poisoned tomahawks for 39 gold pieces
  7372 | D:6      | Reached **** piety under Makhleb
  7429 | D:6      | Reached XP level 10. HP: 76/76 MP: 15/15
  7463 | D:6      | Found a hazy altar of Hepliaklqana.
  7487 | D:6      | Reached skill level 8 in Maces & Flails
  8160 | D:9      | Found Nigemnasm's Assorted Antiques.
  8337 | D:9      | Found a staircase to the Lair.
  8756 | D:10     | Entered Level 10 of the Dungeon
  8894 | D:10     | Noticed a five-headed hydra
  8896 | D:10     | Noticed a gargoyle
  8907 | D:10     | Killed a five-headed hydra
  8947 | D:10     | Slain by a ynoxinul

Skill      XL: |  1  2  3  4  5  6  7  8  9 10 |
---------------+-------------------------------+-----
Maces & Flails | 3 4 5 6 7 8 |  8.5
Fighting       | 3 4 5 |  5.8
Invocations    | 1 2 3 4 5 7 |  7.8
Dodging        | 4 |  4.2
Throwing       | 3 4 |  4.9

Action                   |  1- 3 |  4- 6 |  7- 9 | 10-12 || total
-------------------------+-------+-------+-------+-------++-------
Melee: Flail             |   115 |       |       |       ||   115
       Dagger            |    11 |   207 |    94 |       ||   312
       Whip              |       |       |   549 |   171 ||   720
Throw: Throwing net      |     1 |     5 |     2 |       ||     8
       Tomahawk          |       |     1 |    17 |     5 ||    23
Invok: Minor Destruction |       |       |     6 |       ||     6
       Lesser Servant of |       |       |       |     1 ||     1
       Major Destruction |       |       |       |     1 ||     1
Evoke: Wand              |       |       |    10 |     8 ||    18
  Use: Scroll            |       |     9 |    11 |     2 ||    22
 Stab: Sleeping          |     1 |     1 |     1 |       ||     3
       Held in net/web   |       |       |     1 |       ||     1
       Paralysed         |       |       |     1 |       ||     1
Armor: Leather armour    |    27 |    63 |   189 |       ||   279
       Ring mail         |       |       |    18 |    65 ||    83
Dodge: Dodged            |    88 |   124 |   394 |    98 ||   704
